TOP OF THE 1ST |
San Francisco Bandits batting - Pitching for So Cal Bruins : RHP Alejandro Méndez
|
Pitching: RHP Alejandro Méndez
|
|
Batting: RHB Raúl Bruno
|
0-0: Called Strike 0-1: Swinging Strike 0-2: Ball 1-2: Ball 2-2: Strikes out swinging
|
Batting: LHB Seung-woo Yi
|
0-0: Called Strike 0-1: Swinging Strike 0-2: Strikes out looking
|
Batting: RHB Owen Carter
|
0-0: Called Strike 0-1: SINGLE (Line Drive, 6M)
|
Batting: LHB Mario García
|
0-0: Called Strike 0-1: Called Strike 0-2: Ball 1-2: SINGLE (Groundball, 4MD) Owen Carter to second Runner from 2nd tries for 3rd, SAFE, throw made to third
|
Batting: RHB Glenn Melican
|
0-0: Ball 1-0: Fielders Choice at 2nd, U6 (Groundball, 6M)
|
Top of the 1st over - 0 run(s), 2 hit(s), 0 error(s), 2 left on base; San Francisco 0 - So Cal 0 |
BOTTOM OF THE 1ST |
So Cal Bruins batting - Pitching for San Francisco Bandits : RHP Kunihiko Daikawa
|
Pitching: RHP Kunihiko Daikawa
|
|
Batting: LHB Jesús Campos
|
0-0: Called Strike 0-1: Ball 1-1: SINGLE (Line Drive, 78S)
|
Batting: LHB Phil Smith
|
0-0: Ball 1-0: Ball Jesús Campos is caught stealing 2nd base 2-0: Foul Ball, location: 2F 2-1: Fly out, F8 (Flyball, 89M)
|
Batting: LHB José Antonio Santiago
|
0-0: Called Strike 0-1: Foul Ball, location: 2F 0-2: Ball 1-2: Fly out, F3 (Line Drive, 34)
|
Bottom of the 1st over - 0 run(s), 1 hit(s), 0 error(s), 0 left on base; San Francisco 0 - So Cal 0 |
TOP OF THE 2ND |
San Francisco Bandits batting - Pitching for So Cal Bruins : RHP Alejandro Méndez
|
Batting: LHB Anacleto Morillo
|
0-0: Called Strike 0-1: Called Strike 0-2: Ground out 5-3 (Groundball, 2L)
|
Batting: RHB Scott Merritt
|
0-0: Swinging Strike 0-1: Ball 1-1: Ball 2-1: Fly out, F9 (Flyball, 89XD)
|
Batting: RHB Ramón Ruíz
|
0-0: Called Strike 0-1: Ball 1-1: Ball 2-1: Ground out 6-3 (Groundball, 6MS)
|
Top of the 2nd over - 0 run(s), 0 hit(s), 0 error(s), 0 left on base; San Francisco 0 - So Cal 0 |
BOTTOM OF THE 2ND |
So Cal Bruins batting - Pitching for San Francisco Bandits : RHP Kunihiko Daikawa
|
Batting: RHB Earl Wiggins
|
0-0: Ball 1-0: Called Strike 1-1: Swinging Strike 1-2: Ground out 6-3 (Groundball, 6)
|
Batting: LHB Kiyonaga Morita
|
0-0: Called Strike 0-1: Foul Ball, location: 2F 0-2: Strikes out looking
|
Batting: LHB Jeff Carter
|
0-0: Ball 1-0: Ball 2-0: Ball 3-0: Base on Balls
|
Batting: RHB Lawrence Schroeder
|
0-0: Called Strike Jeff Carter steals 2nd base 0-1: Fly out, F4 (Flyball, 34D)
|
Bottom of the 2nd over - 0 run(s), 0 hit(s), 0 error(s), 1 left on base; San Francisco 0 - So Cal 0 |
TOP OF THE 3RD |
San Francisco Bandits batting - Pitching for So Cal Bruins : RHP Alejandro Méndez
|
Batting: LHB Alberto Gómez
|
0-0: Ball 1-0: Ball 2-0: Foul Ball, location: 2F 2-1: Swinging Strike 2-2: Foul Ball, location: 2F 2-2: Foul Ball, location: 2F 2-2: Strikes out swinging
|
Batting: RHB Raúl Bruno
|
0-0: Ball 1-0: Foul Ball, location: 2F 1-1: Swinging Strike 1-2: Ball 2-2: Strikes out swinging
|
Batting: LHB Seung-woo Yi
|
0-0: Ball 1-0: Foul Ball, location: 2F 1-1: Foul Ball, location: 2F 1-2: SINGLE (Line Drive, 8RS)
|
Batting: RHB Owen Carter
|
0-0: Foul Ball, location: 2F 0-1: Ball 1-1: Ball 2-1: Foul Ball, location: 2F 2-2: Fielders Choice at 2nd, 4-6 (Groundball, 4)
|
Top of the 3rd over - 0 run(s), 1 hit(s), 0 error(s), 0 left on base; San Francisco 0 - So Cal 0 |
BOTTOM OF THE 3RD |
So Cal Bruins batting - Pitching for San Francisco Bandits : RHP Kunihiko Daikawa
|
Batting: LHB César Valentín
|
0-0: Ball 1-0: Foul Ball, location: 2F 1-1: Called Strike 1-2: Ball 2-2: Ground out 5-3 (Groundball, 56)
|
Batting: RHB Morgan Gibbon
|
0-0: SINGLE (Flyball, 8RS)
|
Batting: LHB Jesús Campos
|
0-0: Swinging Strike 0-1: Called Strike 0-2: Ball 1-2: Strikes out swinging
|
Batting: LHB Phil Smith
|
0-0: Called Strike 0-1: Called Strike 0-2: Strikes out swinging
|
Bottom of the 3rd over - 0 run(s), 1 hit(s), 0 error(s), 1 left on base; San Francisco 0 - So Cal 0 |
TOP OF THE 4TH |
San Francisco Bandits batting - Pitching for So Cal Bruins : RHP Alejandro Méndez
|
Batting: LHB Mario García
|
0-0: Ball 1-0: Called Strike 1-1: Ball 2-1: Called Strike 2-2: Strikes out swinging, 2-3 out at first.
|
Batting: RHB Glenn Melican
|
0-0: Ball 1-0: Called Strike 1-1: Fly out, F5 (Line Drive, 5)
|
Batting: LHB Anacleto Morillo
|
0-0: Ball 1-0: Called Strike 1-1: Foul Ball, location: 2F 1-2: Foul Ball, location: 2F 1-2: Ball 2-2: Ball 3-2: Base on Balls
|
Batting: RHB Scott Merritt
|
0-0: Fly out, F7 (Flyball, 7S)
|
Top of the 4th over - 0 run(s), 0 hit(s), 0 error(s), 1 left on base; San Francisco 0 - So Cal 0 |
BOTTOM OF THE 4TH |
So Cal Bruins batting - Pitching for San Francisco Bandits : RHP Kunihiko Daikawa
|
Batting: LHB José Antonio Santiago
|
0-0: Fly out, F9 (Line Drive, 89M)
|
Batting: RHB Earl Wiggins
|
0-0: Called Strike 0-1: Ball 1-1: Ball 2-1: SINGLE (Groundball, 56D)
|
Batting: LHB Kiyonaga Morita
|
0-0: Called Strike 0-1: Called Strike 0-2: Ball 1-2: Strikes out swinging
|
Batting: LHB Jeff Carter
|
0-0: Ball 1-0: Ball 2-0: Called Strike 2-1: Fly out, F8 (Flyball, 8RD)
|
Bottom of the 4th over - 0 run(s), 1 hit(s), 0 error(s), 1 left on base; San Francisco 0 - So Cal 0 |
TOP OF THE 5TH |
San Francisco Bandits batting - Pitching for So Cal Bruins : RHP Alejandro Méndez
|
Batting: RHB Ramón Ruíz
|
0-0: Swinging Strike 0-1: Ball 1-1: Called Strike 1-2: Strikes out swinging
|
Batting: LHB Alberto Gómez
|
0-0: Called Strike 0-1: Foul Ball, location: 2F 0-2: Ball 1-2: Ball 2-2: Strikes out swinging
|
Batting: RHB Raúl Bruno
|
0-0: Ball 1-0: Ball 2-0: Ball 3-0: Called Strike 3-1: Ground out 5-3 (Groundball, 56)
|
Top of the 5th over - 0 run(s), 0 hit(s), 0 error(s), 0 left on base; San Francisco 0 - So Cal 0 |
BOTTOM OF THE 5TH |
So Cal Bruins batting - Pitching for San Francisco Bandits : RHP Kunihiko Daikawa
|
Batting: RHB Lawrence Schroeder
|
0-0: Ball 1-0: DOUBLE (Line Drive, 89D)
|
Batting: LHB César Valentín
|
0-0: Ball 1-0: Ball 2-0: Foul Ball, location: 2F 2-1: Ball 3-1: Called Strike 3-2: Foul Ball, location: 2F 3-2: Foul Ball, location: 2F 3-2: Base on Balls
|
Batting: RHB Morgan Gibbon
|
0-0: Ball 1-0: Ball 2-0: SINGLE (Flyball, 89S) Lawrence Schroeder to third César Valentín to second
|
Batting: LHB Jesús Campos
|
0-0: Called Strike 0-1: Ball 1-1: Swinging Strike 1-2: Strikes out swinging
|
Batting: LHB Phil Smith
|
0-0: Called Strike 0-1: Swinging Strike 0-2: Ball 1-2: Strikes out looking
|
Batting: LHB José Antonio Santiago
|
0-0: Called Strike 0-1: Ball 1-1: Fly out, F8 (Flyball, 8LS)
|
Bottom of the 5th over - 0 run(s), 2 hit(s), 0 error(s), 3 left on base; San Francisco 0 - So Cal 0 |
TOP OF THE 6TH |
San Francisco Bandits batting - Pitching for So Cal Bruins : RHP Alejandro Méndez
|
Batting: LHB Seung-woo Yi
|
0-0: Ball 1-0: Called Strike 1-1: Ball 2-1: Swinging Strike 2-2: Ball 3-2: Strikes out swinging
|
Batting: RHB Owen Carter
|
0-0: Called Strike 0-1: Swinging Strike 0-2: Ball 1-2: Ball 2-2: Strikes out swinging
|
Batting: LHB Mario García
|
0-0: Foul Ball, location: 2F 0-1: Ball 1-1: Fly out, F8 (Line Drive, 8LM)
|
Top of the 6th over - 0 run(s), 0 hit(s), 0 error(s), 0 left on base; San Francisco 0 - So Cal 0 |
BOTTOM OF THE 6TH |
So Cal Bruins batting - Pitching for San Francisco Bandits : RHP Kunihiko Daikawa
|
Batting: RHB Earl Wiggins
|
0-0: Ball 1-0: Called Strike 1-1: Ball 2-1: Ground out 6-3 (Groundball, 6)
|
Batting: LHB Kiyonaga Morita
|
0-0: Called Strike 0-1: Fly out, F4 (Line Drive, 34)
|
Batting: LHB Jeff Carter
|
0-0: Ball 1-0: Called Strike 1-1: Ball 2-1: Called Strike 2-2: Ground out 1-3 (Groundball, 13)
|
Bottom of the 6th over - 0 run(s), 0 hit(s), 0 error(s), 0 left on base; San Francisco 0 - So Cal 0 |
TOP OF THE 7TH |
San Francisco Bandits batting - Pitching for So Cal Bruins : RHP Alejandro Méndez
|
Pinch Hitting: RHB Michael Elliott
|
0-0: Hit by Pitch
|
Batting: LHB Anacleto Morillo
|
0-0: Sac Bunt - play at first, batter OUT! 1-3 Michael Elliott to second
|
Batting: RHB Scott Merritt
|
0-0: Ground out 5-3 (Groundball, 56)
|
Batting: RHB Ramón Ruíz
|
0-0: Fly out, F9 (Flyball, 9S)
|
Top of the 7th over - 0 run(s), 0 hit(s), 0 error(s), 1 left on base; San Francisco 0 - So Cal 0 |
BOTTOM OF THE 7TH |
So Cal Bruins batting - Pitching for San Francisco Bandits : RHP Kunihiko Daikawa
|
Now at 3B: Gustavo Ortíz
|
|
Batting: RHB Lawrence Schroeder
|
0-0: Ball 1-0: Ball 2-0: Ball 3-0: Base on Balls
|
Batting: LHB César Valentín
|
0-0: Bunted foul 0-1: Sac Bunt - play at first, batter OUT! 1-4 Lawrence Schroeder to second
|
Batting: RHB Morgan Gibbon
|
0-0: Called Strike 0-1: Foul Ball, location: 2F 0-2: Foul Ball, location: 2F 0-2: Foul Ball, location: 2F 0-2: Ball 1-2: DOUBLE (Line Drive, 8LD) Lawrence Schroeder scores
|
Batting: LHB Jesús Campos
|
0-0: Intentional Walk
|
Pitching: RHP Mal Park
|
|
Batting: LHB Phil Smith
|
0-0: Ball 1-0: Called Strike 1-1: Fly out, F9 (Flyball, 89S)
|
Batting: LHB José Antonio Santiago
|
0-0: Ball 1-0: Fielders Choice at 2nd, 6-4 (Groundball, 6)
|
Bottom of the 7th over - 1 run(s), 1 hit(s), 0 error(s), 1 left on base; San Francisco 0 - So Cal 1 |
TOP OF THE 8TH |
San Francisco Bandits batting - Pitching for So Cal Bruins : RHP Alejandro Méndez
|
Batting: LHB Alberto Gómez
|
0-0: Called Strike 0-1: Swinging Strike 0-2: Ball 1-2: Ball 2-2: Strikes out swinging
|
Batting: RHB Raúl Bruno
|
0-0: Foul Ball, location: 2F 0-1: Ball 1-1: Called Strike 1-2: Ground out 6-3 (Groundball, 6S)
|
Batting: LHB Seung-woo Yi
|
0-0: Ball 1-0: Ground out 6-3 (Groundball, 6)
|
Top of the 8th over - 0 run(s), 0 hit(s), 0 error(s), 0 left on base; San Francisco 0 - So Cal 1 |
BOTTOM OF THE 8TH |
So Cal Bruins batting - Pitching for San Francisco Bandits : RHP Mal Park
|
Batting: RHB Earl Wiggins
|
0-0: Swinging Strike 0-1: Ground out 5-3 (Groundball, 56S)
|
Batting: LHB Kiyonaga Morita
|
0-0: Swinging Strike 0-1: Foul Ball, location: 2F 0-2: Strikes out swinging
|
Batting: LHB Jeff Carter
|
0-0: Called Strike 0-1: Ball 1-1: Ball 2-1: SINGLE (Line Drive, 9LS)
|
Batting: RHB Lawrence Schroeder
|
0-0: Called Strike Jeff Carter is caught stealing 2nd base
|
Bottom of the 8th over - 0 run(s), 1 hit(s), 0 error(s), 0 left on base; San Francisco 0 - So Cal 1 |
TOP OF THE 9TH |
San Francisco Bandits batting - Pitching for So Cal Bruins : RHP Alejandro Méndez
|
Pitching: RHP Marty Burgess
|
|
Now at SS: Jonathan MacVey
|
|
Batting: RHB Owen Carter
|
0-0: Called Strike 0-1: Foul Ball, location: 2F 0-2: Ball 1-2: Ball 2-2: Strikes out looking
|
Batting: LHB Mario García
|
0-0: SINGLE (Line Drive, 4D)
|
Batting: RHB Gustavo Ortíz
|
0-0: Called Strike 0-1: Foul Ball, location: 2F 0-2: Strikes out looking
|
Batting: LHB Anacleto Morillo
|
0-0: Ball 1-0: Ball 2-0: Ball 3-0: Called Strike 3-1: Called Strike 3-2: Foul Ball, location: 2F 3-2: SINGLE (Flyball, 8RS) Mario García to second Mario García to third
|
Batting: RHB Scott Merritt
|
0-0: Ball Wild Pitch! Mario García scores Anacleto Morillo to second 1-0: Foul Ball, location: 2F 1-1: Ground out 1-3 (Groundball, 13)
|
Top of the 9th over - 1 run(s), 2 hit(s), 0 error(s), 1 left on base; San Francisco 1 - So Cal 1 |
BOTTOM OF THE 9TH |
So Cal Bruins batting - Pitching for San Francisco Bandits : RHP Mal Park
|
Pitching: RHP Mitsunari Taguchi
|
|
Pinch Hitting: RHB Juan Valverde
|
0-0: Ball 1-0: Ball 2-0: Called Strike 2-1: Ball 3-1: Swinging Strike 3-2: Foul Ball, location: 2F 3-2: Strikes out swinging
|
Batting: LHB César Valentín
|
0-0: Ball 1-0: Called Strike 1-1: DOUBLE (Line Drive, 8LXD)
|
Batting: RHB Morgan Gibbon
|
0-0: Fly out, F3 (Popup, 3S)
|
Batting: LHB Jesús Campos
|
0-0: Ball 1-0: Foul Ball, location: 2F 1-1: Swinging Strike 1-2: Ball 2-2: Foul Ball, location: 2F 2-2: Ball 3-2: Foul Ball, location: 2F 3-2: Fly out, F8 (Line Drive, 8RM)
|
Bottom of the 9th over - 0 run(s), 1 hit(s), 0 error(s), 1 left on base; San Francisco 1 - So Cal 1 |
TOP OF THE 10TH |
San Francisco Bandits batting - Pitching for So Cal Bruins : RHP Marty Burgess
|
Now at SS: José Pinto
|
|
Batting: RHB Ramón Ruíz
|
0-0: Foul Ball, location: 2F 0-1: Swinging Strike 0-2: Strikes out swinging
|
Batting: LHB Alberto Gómez
|
0-0: Ball 1-0: Ball 2-0: SINGLE (Line Drive, 4M)
|
Batting: RHB Raúl Bruno
|
0-0: Called Strike 0-1: TRIPLE (Line Drive, 89D) Alberto Gómez scores
|
Pitching: LHP Jim Sheppard
|
|
Pinch Hitting: RHB Juan Mendoza
|
0-0: Bunted foul 0-1: Reached on error, E9 (Flyball, 9D) Raúl Bruno scores
|
Batting: RHB Owen Carter
|
0-0: Intentional Walk
|
Pitching: RHP Masahiko Okada
|
|
Batting: LHB Mario García
|
0-0: Fielders Choice at 2nd, 3-6 (Groundball, 34) Juan Mendoza to third
|
Batting: RHB Gustavo Ortíz
|
0-0: Fly out, F1 (Line Drive, 13)
|
Top of the 10th over - 2 run(s), 2 hit(s), 1 error(s), 2 left on base; San Francisco 3 - So Cal 1 |
BOTTOM OF THE 10TH |
So Cal Bruins batting - Pitching for San Francisco Bandits : RHP Mitsunari Taguchi
|
Now in LF: Juan Mendoza
|
|
Batting: LHB Phil Smith
|
0-0: Swinging Strike 0-1: Ball 1-1: Swinging Strike 1-2: Foul Ball, location: 2F 1-2: Ground out 4-3 (Groundball, 34)
|
Batting: LHB José Antonio Santiago
|
0-0: Called Strike 0-1: Foul Ball, location: 2F 0-2: SINGLE (Line Drive, 9S)
|
Batting: RHB Earl Wiggins
|
0-0: Ball 1-0: Ball 2-0: Foul Ball, location: 2F 2-1: Ball 3-1: Foul Ball, location: 2F 3-2: 2-RUN HOME RUN (Flyball, 7D), Distance : 349 ft
|
Batting: LHB Kiyonaga Morita
|
0-0: Called Strike 0-1: DOUBLE (Line Drive, 7LD)
|
Batting: LHB Jeff Carter
|
0-0: Intentional Walk
|
Batting: RHB José Pinto
|
0-0: Called Strike 0-1: Ball 1-1: SINGLE (Groundball, 56D) Kiyonaga Morita to third Jeff Carter to second Runner from 3rd tries for Home, throw and OUT! Jeff Carter to third José Pinto to second
|
Batting: LHB César Valentín
|
0-0: Ball 1-0: Ball 2-0: Ball 3-0: Called Strike 3-1: Base on Balls
|
Batting: RHB Morgan Gibbon
|
0-0: Fly out, F7 (Flyball, 78S)
|
Bottom of the 10th over - 2 run(s), 4 hit(s), 0 error(s), 3 left on base; San Francisco 3 - So Cal 3 |
TOP OF THE 11TH |
San Francisco Bandits batting - Pitching for So Cal Bruins : RHP Masahiko Okada
|
Batting: LHB Anacleto Morillo
|
0-0: Called Strike 0-1: Swinging Strike 0-2: Ball 1-2: Strikes out swinging
|
Batting: RHB Scott Merritt
|
0-0: Foul Ball, location: 2F 0-1: Ball 1-1: Called Strike 1-2: Strikes out swinging
|
Batting: RHB Ramón Ruíz
|
0-0: Ball 1-0: Called Strike 1-1: Swinging Strike 1-2: Ball 2-2: Ball 3-2: Foul Ball, location: 2F 3-2: Strikes out swinging
|
Top of the 11th over - 0 run(s), 0 hit(s), 0 error(s), 0 left on base; San Francisco 3 - So Cal 3 |
BOTTOM OF THE 11TH |
So Cal Bruins batting - Pitching for San Francisco Bandits : RHP Mitsunari Taguchi
|
Batting: LHB Jesús Campos
|
0-0: SOLO HOME RUN (Flyball, 89XD), Distance : 399 ft
|
Tuesday, August 8th, 2017 - OOTP Baseball 17.12 Build 75
|
|